 Dungeon Crawl Stone Soup version 0.27-b1-41-gafb5482f4b (webtiles) character file.

Game seed: 383936588728247807

50 horus123 the Magician (level 3, -1/19 HPs)
             Began as a Deep Elf Hedge Wizard on July 28, 2021.
             Was an Initiate of Dithmenos.
             Slain by Sigmund (11 damage)
             ... on level 2 of the Dungeon.
             The game lasted 00:11:53 (2408 turns).

horus123 the Magician (Deep Elf Hedge Wizard)       Turns: 2408, Time: 00:11:53

Health: -1/19      AC:  2    Str: 13    XL:     3   Next: 55%
Magic:  6/12       EV: 12    Int: 19    God:    Dithmenos [......]
Gold:   29         SH:  0    Dex: 14    Spells: 0/13 levels left

rFire    . . .     SeeInvis .   f - staff of air
rCold    . . .     Faith    .   (no shield)
rNeg     . . .     Spirit   .   b - +0 robe
rPois    .         Reflect  .   c - +0 hat
rElec    +         Harm     .   (no cloak)
rCorr    .         Rampage  .   (no gloves)
Will     .....                  (no boots)
Stlth    ++........             (no amulet)
HPRegen  0.06/turn              d - +6 ring of strength
MPRegen  0.13/turn              (no ring)

@: no status effects
A: no striking features
a: Renounce Religion


You were on level 2 of the Dungeon.
You worshipped Dithmenos.
Dithmenos was noncommittal.
You visited 1 branch of the dungeon, and saw 2 of its levels.

You collected 29 gold pieces.

Inventory:

Armour
 b - a +0 robe (worn)
 c - a +0 hat (worn)
Magical Staves
 f - a staff of air (weapon)
 g - a staff of earth
Jewellery
 d - a +6 ring of strength (left hand)
Scrolls
 a - a scroll of identify {unknown}
 e - 2 scrolls of teleportation
 j - a scroll of amnesia {unknown}
Potions
 h - a potion of heal wounds {unknown}
 i - a potion of lignification {unknown}


   Skills:
 + Level 2.7 Dodging
 + Level 3.0 Stealth
 + Level 5.7 Spellcasting
 + Level 1.2 Conjurations
 + Level 1.7 Summonings
 + Level 1.1 Translocations


You couldn't memorise any spells.
You knew the following spells:

 Your Spells              Type           Power      Damage    Failure   Level
a - Magic Dart            Conj           36%        1d4       7%          1
b - Call Imp              Summ           11%        N/A       9%          2
c - Blink                 Tloc           N/A        N/A       11%         2
d - Slow                  Hex            5%         N/A       17%         2
e - Conjure Flame         Conj/Fire      7%         6-21      26%         3
f - Mephitic Cloud        Conj/Pois/Air  10%        N/A       30%         3

Your spell library contained the following spells:

 Spells                   Type           Power      Damage    Failure   Level


Dungeon Overview and Level Annotations

Branches:
Dungeon (2/15)

Altars:
Dithmenos

Annotations:
D:2 Sigmund


Message History

Casting: Magic Dart (safe; 7% risk of failure)
Confirm with . or Enter, or press ? or * to list all spells.
A beastly little devil appears in a puff of flame.
Casting: Call Imp (safe; 9% risk of failure)
Confirm with . or Enter, or press ? or * to list all spells.
A beastly little devil appears in a puff of flame.
Casting: Call Imp (safe; 9% risk of failure)
Confirm with . or Enter, or press ? or * to list all spells.
A beastly little devil appears in a puff of flame.
Your crimson imp blinks!
Your crimson imp hits Sigmund!
Sigmund barely misses your crimson imp.
Your crimson imp barely misses Sigmund.
Sigmund points at you and mumbles some strange words.
Your crimson imp easily resists.
Your crimson imp blinks!
Sigmund barely misses your crimson imp.
Your crimson imp barely misses Sigmund.
Your crimson imp hits Sigmund.
Sigmund hits your crimson imp with a +0 scythe!
Your crimson imp misses Sigmund.
Your crimson imp blinks! x2
Sigmund's eyes start glowing with a red light.
Sigmund hits your crimson imp with a +0 scythe!
Your crimson imp dies!
Casting: Call Imp (safe; 9% risk of failure)
Confirm with . or Enter, or press ? or * to list all spells.
A beastly little devil appears in a puff of flame.
Sigmund barely misses you.
Your crimson imp barely misses Sigmund.
You swap places.
Your crimson imp closely misses Sigmund.
Your crimson imp blinks!
Sigmund misses you.
Your crimson imp barely misses Sigmund.
Sigmund hits you from afar with a +0 scythe!
Your crimson imp hits Sigmund.
Sigmund casts a spell.
Sigmund flickers and vanishes!
Deactivating autopickup; reactivate with Ctrl-A.
Something hits you. Something barely misses you. Something hits you!
Ouch! That really hurt!
You die...

8...8#.##.#
.._..#.##.# ### .#
8...8#.##.# #.. .#
##.###.##.# #.# .#
.#.#....#.# #.# .#
.#'#.##.#.####.###5#
.8.8.............#.#
.....########..###{#
###............5@5.#
# #.#######......###
# #.# #.._...# # #.#
#......# # #.#
#.....## # #.#
####### ###.# †...#
#####


You could see 2 friendly crimson imps.

Vanquished Creatures
  4 ball pythons
  5 endoplasms (D:1)
  5 giant cockroaches
  3 hobgoblins
  3 kobolds
  2 bats
  4 frilled lizards
  3 goblins (D:1)
  A rat (D:1)
30 creatures vanquished.

Vanquished Creatures (collateral kills)
  A gnoll (D:1)
  2 worms (D:2)
  A ball python (D:1)
  An endoplasm (D:1)
  A hobgoblin (D:1)
  A kobold (D:1)
  A rat (D:2)
8 creatures vanquished.

Grand Total: 38 creatures vanquished

Notes
Turn   | Place    | Note
-------+----------+-------------------------------------------
     0 | D:1      | horus123 the Deep Elf Hedge Wizard began the quest for the
                  | Orb.
     0 | D:1      | Reached XP level 1. HP: 10/10 MP: 7/7
   248 | D:1      | Reached skill level 5 in Spellcasting
   288 | D:1      | Reached XP level 2. HP: 15/15 MP: 3/10
   291 | D:1      | Learned a level 2 spell: Call Imp
  1062 | D:1      | Reached XP level 3. HP: 19/19 MP: 8/12
  1089 | D:1      | Learned a level 2 spell: Blink
  1092 | D:1      | Learned a level 2 spell: Slow
  1096 | D:1      | Learned a level 3 spell: Conjure Flame
  1100 | D:1      | Learned a level 3 spell: Mephitic Cloud
  1754 | D:2      | Found a faded altar of an unknown god.
  2374 | D:2      | Found a shadowy altar of Dithmenos.
  2382 | D:2      | Became a worshipper of Dithmenos the Shadowed
  2387 | D:2      | Noticed Sigmund
  2408 | D:2      | Slain by Sigmund

Illustrated notes

Levels and vault maps discovered:
D:1:      lightli_arrival_windingriver, layout_basic, bh_walls_and_bars
D:2:      layout_basic, dreamdust_ecumenical_altar_angels_and_demons,
          basic_altar, uniq_sigmund

Skill      XL: |  1  2  3 |
---------------+----------+-----
Spellcasting   | 5 |  5.7
Stealth        | 3 |  3.0
Dodging        | |  2.7
Conjurations   | |  1.2
Summonings     | |  1.7
Translocations | |  1.1

Action                   || total
-------------------------++-------
Melee: Spear             ||     4
       Staff             ||     8
 Cast: Magic Dart        ||    86
       Call Imp          ||    20
       Slow              ||     2
  Use: Scroll            ||     3
Armor: Robe              ||     5
Dodge: Dodged            ||    16
